AoeStats
← MythicWizard478

Hideout

510023147Analyzed
1v1 RM · 1d ago on Sep 29, 2026· 36m 23s· 2 players
Game mode
Random Map
Map size
Tiny (2 player)
Population
200
Speed
Normal
Resources
Standard
Victory
Conquest
Starting age
Dark Age
Ending age
Imperial Age
RankedLock teamsTeams togetherTeam positionsShared explorationLock speedFull tech treeHidden civsTurbo modeCheats
Victory
Defeat
🇨🇳 Mongols · China
679
+16
🇺🇸 Britons · United States
688
-16
76561199004763034
8:44 Feudal Age
14:22 Loom
14:28 Loom
17:36 Castle Age
16:02 Fletching
23:47 Bodkin Arrow
26:07 Double-Bit Axe
28:10 Scale Barding Armor
32:43 Imperial Age
30:28 Scale Barding Armor
MythicWizard478
7:20 Loom
10:41 Feudal Age
11:12 Double-Bit Axe
13:55 Fletching
14:29 Horse Collar
15:46 Wheelbarrow
22:44 Castle Age
20:51 Padded Archer Armor
20:56 Scale Mail Armor
21:03 Gold Mining
22:36 Forging
22:23 Stone Mining
23:46 Bow Saw
23:39 Heavy Plow
23:18 Elite Skirmisher
23:35 Crossbowman
24:07 Pikeman
25:01 Squires
30:59 Bodkin Arrow
31:19 Leather Archer Armor
31:20 Chain Mail Armor
33:22 Iron Casting
39:02 Imperial Age
Connection lost

Rejoining the realm…

Still unreachable

The connection could not be restored.

Session expired

The server has moved on; the page needs a fresh start.